 Dungeon Crawl Stone Soup version 0.28.0-1-gb440e238dd (webtiles) character file.

Game seed: 10006270466118970159

208 mopl the Chopper (level 5, 0/47 HPs)
             Began as a Minotaur Berserker on Feb 20, 2022.
             Was a Believer of Trog.
             Killed by divine providence
             ... invoked by an orc priest
              (14 damage)
             ... on level 4 of the Dungeon.
             The game lasted 00:02:40 (1993 turns).

mopl the Chopper (Minotaur Berserker)               Turns: 1993, Time: 00:02:41

Health: 0/47       AC: 10    Str: 21    XL:     5   Next: 55%
Magic:  4/4        EV: 12    Int:  4    God:    Trog [**....]
Gold:   170        SH:  0    Dex: 12    Spells: 4/4 levels left

rFire   . . .      SeeInvis .   a - +0 hand axe
rCold   . . .      Faith    .   (no shield)
rNeg    . . .      Spirit   .   n - +0 chain mail
rPois   .          Reflect  .   (helmet restricted)
rElec   .          Harm     .   (no cloak)
rCorr   .          Rampage  .   (no gloves)
Will    .....                   f - +0 pair of boots
Stlth   ..........              (no amulet)
HPRegen 0.15/turn               d - +4 ring of evasion
MPRegen 0.09/turn               (no ring)

@: on berserk cooldown, slowed, very slow
A: horns 2, retaliatory headbutt
a: Renounce Religion, Berserk, Trog's Hand


You were on level 4 of the Dungeon.
You worshipped Trog.
Trog was pleased with you.
You visited 1 branch of the dungeon, and saw 4 of its levels.

You collected 170 gold pieces.

Inventory:

Hand Weapons
 a - a +0 hand axe (weapon)
 y - a +0 flail of holy wrath
Missiles
 e - 6 poisoned darts (quivered)
 g - 3 boomerangs
Armour
 f - a +0 pair of boots (worn)
 n - a +0 chain mail (worn)
Jewellery
 d - a +4 ring of evasion (left hand)
Wands
 w - a wand of paralysis (9)
 x - a wand of flame (20)
Scrolls
 b - a scroll of enchant armour {unknown}
 c - a scroll of noise {unknown}
 m - a scroll of blinking {unknown}
 o - 4 scrolls of teleportation {unknown}
 p - 2 scrolls of identify {unknown}
 r - a scroll of holy word {unknown}
 s - a scroll of immolation {unknown}
Potions
 h - a potion of resistance {unknown}
 i - a potion of haste {unknown}
 j - a potion of lignification {unknown}
 k - 3 potions of cancellation {unknown}
 l - a potion of ambrosia {unknown}
 q - a potion of degeneration {unknown}
 t - a potion of berserk rage {unknown}
 u - a potion of curing {unknown}
 v - a potion of flight {unknown}


   Skills:
 + Level 4.3 Fighting
 * Level 5.2 Axes
 + Level 2.0 Throwing
 + Level 3.5 Armour
 + Level 3.2 Dodging
 + Level 0.5 Evocations


You had 4 spell levels left.
You didn't know any spells.
Your spell library was empty.

Dungeon Overview and Level Annotations

Branches:
Dungeon (4/15)
 Temple: D:4-7

Altars:
Gozag
Zin


Innate Abilities, Weirdness & Mutations

You have a pair of horns on your head.
You reflexively headbutt those who attack you in melee.


Message History

You barely miss the orc priest. The orc hits you with a +0 falchion.
The orc priest misses you. The orc closely misses you. You furiously retaliate!
You headbutt the orc!
You kill the orc!
Trog accepts your kill.
Your Throwing skill increases to level 2!
You barely miss the orc priest.
You headbutt the orc priest, but do no damage.
You hit the orc priest. The orc priest misses you. You furiously retaliate!
You headbutt the orc priest, but do no damage.
The orc priest barely misses you. x2
The orc priest invokes the aid of Beogh against you.
Beogh smites you!
* * * LOW HITPOINT WARNING * * *
You hit the orc priest but do no damage.
Your headbutt misses the orc priest.
You hit the orc priest but do no damage.
The orc priest calls upon Beogh to heal the orc priest.
The orc priest's wounds heal themselves!
The orc priest barely misses you.
Unknown command.
You barely miss the orc priest. You hit the orc priest.
The orc priest barely misses you. You furiously retaliate!
You headbutt the orc priest!
The orc priest hits you but does no damage.
The orc priest closely misses you.
The orc priest hits you but does no damage.
Unknown command.
You hit the orc priest.
The orc priest is almost dead.
You closely miss the orc priest.
The orc priest hits you but does no damage. x2
Unknown command.
You slash the orc priest!
You kill the orc priest!
Trog accepts your kill.
You barely miss the orc priest.
The orc priest calls down the wrath of Beogh upon you.
Beogh smites you!
You die...

#####.# #....#
#..... #.....#
###### #.....
#.#...##########
#.....
#..........#.#
#.....
###.#####....#
#.....
###'#####....#
#.....
#.)))........#
#.....
+...)........##
#.....
#..†...@)......
#####.
#......o)......
#†
####..........)
#. #...........
#. #...........
#. #...........
#. #...........
#. #...........
#. #.


You could see an orc priest.

Vanquished Creatures
  A scorpion (D:4)
  An orc priest (D:4)
  Terence (D:2)
  Robin (D:2)
  2 adders
  2 adder skeletons (D:4)
  A worm (D:2)
  8 orcs
  5 endoplasms
  A giant cockroach (D:1)
  13 goblins
  7 hobgoblins
  4 jackals
  A quokka (D:1)
  8 ball pythons
  7 bats
  3 frilled lizards
  3 kobolds
  7 rats
76 creatures vanquished.

Notes
Turn   | Place    | Note
-------+----------+-------------------------------------------
     0 | D:1      | mopl the Minotaur Berserker began the quest for the Orb.
     0 | D:1      | Reached XP level 1. HP: 19/19 MP: 0/0
    93 | D:1      | Found a faded altar of an unknown god.
   119 | D:1      | Reached XP level 2. HP: 10/27 MP: 1/1
   123 | D:1      | Reached skill level 4 in Axes
   504 | D:2      | Noticed Robin
   510 | D:2      | Reached ** piety under Trog
   511 | D:2      | Reached XP level 3. HP: 33/33 MP: 2/2
   513 | D:2      | Killed Robin
   514 | D:2      | Reached skill level 3 in Armour
   530 | D:2      | Reached skill level 4 in Fighting
   582 | D:2      | Noticed Terence
   588 | D:2      | Killed Terence
   589 | D:2      | Reached skill level 1 in Throwing
   589 | D:2      | Reached XP level 4. HP: 37/40 MP: 3/3
  1297 | D:3      | Reached skill level 5 in Axes
  1477 | D:3      | Reached skill level 3 in Dodging
  1631 | D:3      | Found an opulent altar of Gozag.
  1632 | D:3      | Found a glowing silver altar of Zin.
  1966 | D:4      | Reached XP level 5. HP: 42/45 MP: 4/4
  1989 | D:4      | Reached skill level 2 in Throwing
  1993 | D:4      | Killed from afar by an orc priest

Illustrated notes

Levels and vault maps discovered:
D:1:      lightli_arrival_lavapool, layout_rooms,
          chequers_ecumenical_altar_simple_redux,
          chequers_serial_rivers_micro_e, nrook_mini_vaults, st_stairs_12,
          minmay_pentomino_r4
D:2:      layout_rooms, uniq_robin, uniq_terence
D:3:      layout_loops_ring, grunt_temple_overflow_gold_and_silver,
          item_on_display_a
D:4:      layout_basic, serial_shops, shop

Skill      XL: |  1  2  3  4  5 |
---------------+----------------+-----
Axes           | 4 5 |  5.2
Armour         | 3 |  3.5
Fighting       | 4 |  4.3
Throwing       | 1 2 |  2.0
Dodging        | 3 |  3.2
Evocations     | |  0.5

Action                   |  1- 3 |  4- 6 || total
-------------------------+-------+-------++-------
Melee: Hand axe          |    72 |    75 ||   147
       Headbutt          |     7 |    12 ||    19
Invok: Berserk           |     2 |     1 ||     3
 Stab: Sleeping          |     1 |       ||     1
Armor: Animal skin       |    11 |       ||    11
       Chain mail        |       |    28 ||    28
Dodge: Dodged            |    67 |    58 ||   125
